 Dungeon Crawl Stone Soup version 0.31-a0-187-gba352fbbf7 (webtiles) character file.

Game seed: 14261466913318820152

74 qw the Shooter (level 4, -1/25 HPs)
             Began as a Deep Elf Hunter on June 22, 2023.
             Slain by a hobgoblin (3 damage)
             ... led by Robin
             ... on level 2 of the Dungeon.
             The game lasted 00:00:15 (760 turns).

qw the Shooter (Deep Elf Hunter)                     Turns: 760, Time: 00:00:15

Health: -1/25      AC:  3    Str: 10    XL:     4   Next: 10%
Magic:  6/6        EV: 12    Int: 14    God:
Gold:   811        SH:  0    Dex: 18    Spells: 3/3 levels left

rFire   . . .        a - +27 heavy crossbow "Sniper" {heavy, Acc+∞ SInv}
rCold   . . .        (shield currently unavailable)
rNeg    . . .        c - +0 leather armour
rPois   .            (no helmet)
rElec   .            (no cloak)
rCorr   +            (no gloves)
SInv    +            (no boots)
Will    .....        (no amulet)
Stlth   ++           g - ring of resist corrosion
HPRegen 0.24/turn    (no ring)
MPRegen 0.10/turn

%: no passive effects
@: no status effects
A: no striking features
a: no special abilities


You were on level 2 of the Dungeon.
You visited 1 branch of the dungeon, and saw 2 of its levels.

You collected 811 gold pieces.


   Skills:
 - Level 1.5 Fighting
 + Level 7.5 Ranged Weapons
 - Level 2.4 Dodging
 - Level 1.2 Stealth


You had 3 spell levels left.
You didn't know any spells.
Your spell library was empty.

Inventory:

Hand Weapons
 a - the +27 heavy crossbow "Sniper" (weapon) {heavy, Acc+∞ SInv}
   (You acquired it on level 1 of the Dungeon)

   Acc+∞: It never misses its target.
   SInv:      It lets you see invisible.
Armour
 c - a +0 leather armour (worn)
Jewellery
 g - a ring of resist corrosion (left hand)
Potions
 d - 2 potions of curing
 j - a potion of lignification
 k - a potion of haste {unknown}

Dungeon Overview and Level Annotations

Branches:
Dungeon (2/15)

Altars:

Annotations:
D:2 Robin


Message History

You shoot a bolt. The bolt hits the goblin!
You kill the goblin!
Robin of the Strong Arm comes into view.
They are wielding a +0 whip.
The goblin barely misses you.
Natasha, Servant of Life and Death comes into view.
Natasha stares at you and mumbles some strange words.
You resist with some effort. Robin throws the goblin at you!
The goblin closely misses you.
You shoot a bolt. The bolt hits the goblin!!!!
You kill the goblin!
The goblin hits you but does no damage.
A hobgoblin comes into view.
A goblin comes into view. It is wielding a +0 club.
Natasha casts a spell.
Robin roars a battlecry!
The goblins go into a battle-frenzy!
The goblin hits you with a +0 club. The goblin hits you but does no damage.
The hobgoblin moves out of view.
You shoot a bolt. The bolt hits the goblin!
You kill the goblin!
Robin throws the goblin at you! The goblin closely misses you.
The hobgoblin hits you. The goblin hits you but does no damage.
The goblin hits you with a +0 club. The hobgoblin closely misses you.
The cerulean imp hits you from afar with a +0 spear.
Natasha closely misses you. The hobgoblin closely misses you.
The goblin barely misses you.
Robin says, "Kneel, worm!"
You shoot a bolt. The bolt hits Natasha!!
You kill Natasha!
Natasha yowls pathetically as she dies!
The cerulean imp disappears in a puff of smoke!
The hobgoblin closely misses you. The goblin misses you.
The goblin hits you with a +0 club. Robin throws the goblin at you!
The hobgoblin hits you. The goblin barely misses you.
The goblin hits you with a +0 club.
The hobgoblin hits you but does no damage.
You have reached level 4!
You feel clever.
You shoot a bolt. The bolt hits the goblin!!!
You kill the goblin!
Robin throws the goblin at you! The hobgoblin hits you.
You die...

#..###.#.......
#..###.###.....
.#######......###.####
>........#.........
#...................
########...#....#.#..
. ##.........#.#..#
...g####g.#.#.#...#
...gKgg@g.......#.#
...g####)¤#.#.#...# #
. #........###.#
#.¤#)#.#.)...#.
#........#....#
#.#..............
#.#..............
#.#.#............
#.#.#.#########..


You could see Robin, 2 hobgoblins, 4 goblins and a kobold.

Vanquished Creatures
  Natasha (twice) (D:2)
  A dart slug (D:2)
  A ball python (D:1)
  3 endoplasms
  6 goblins
  4 hobgoblins
  A kobold (D:2)
  A quokka (D:1)
  A bat (D:2)
20 creatures vanquished.

Notes
Turn   | Place    | Note
-------+----------+-------------------------------------------
     0 | D:1      | qw the Deep Elf Hunter began the quest for the Orb.
     0 | D:1      | Reached XP level 1. HP: 12/12 MP: 3/3
     0 | D:1      | 0 ||| qw: Version: 0.3-a-9-g12657ce
     0 | D:1      | 0 ||| qw: Game counter: 2455
     0 | D:1      | 0 ||| qw: Always use a shield: true
     0 | D:1      | 0 ||| qw: God list: Okawaru
     0 | D:1      | 0 ||| qw: Allow faded altars: false
     0 | D:1      | 0 ||| qw: Do Orc after D:15 true
     0 | D:1      | 0 ||| qw: Do second Lair branch before Depths: true
     0 | D:1      | 0 ||| qw: Lair rune preference: random
     0 | D:1      | 0 ||| qw: Plans: Normal
     0 | D:1      | 0 ||| PLANNING D:1-11
   280 | D:1      | Reached XP level 2. HP: 16/16 MP: 4/4
   446 | D:1      | Reached skill level 6 in Ranged Weapons
   621 | D:1      | 621 ||| UPGRADING to ring of resist corrosion.
   622 | D:1      | 622 ||| READING 3 scrolls labelled IKLESHI NITROU.
   622 | D:1      | Identified 3 scrolls of acquirement
   622 | D:1      | 622 ||| ACQUIRING +0 longbow "Gexagob" {speed, rPois Int+3}
   622 | D:1      | Acquired the +0 longbow "Gexagob" {speed, rPois Int+3}
   624 | D:1      | 624 ||| SWAPPING to +0 longbow "Gexagob" {speed, rPois
                  | Int+3}.
   625 | D:1      | 625 ||| DROPPING +0 shortbow.
   626 | D:1      | 626 ||| READING 2 scrolls of acquirement.
   626 | D:1      | 626 ||| ACQUIRING +27 heavy crossbow "Sniper" {heavy, Acc+∞
                  | SInv}
   626 | D:1      | Acquired the +27 heavy crossbow "Sniper" {heavy, Acc+∞
                  | SInv}
   626 | D:1      | Found the +27 heavy crossbow "Sniper" {heavy, Acc+∞ SInv}
   627 | D:1      | 627 ||| READING scroll of acquirement.
   627 | D:1      | 627 ||| ACQUIRING 757 gold pieces
   627 | D:1      | Acquired 757 gold pieces
   629 | D:1      | 629 ||| SWAPPING to +27 heavy crossbow "Sniper" {heavy,
                  | Acc+∞ SInv}.
   630 | D:1      | 630 ||| DROPPING +0 longbow "Gexagob" {speed, rPois Int+3}.
   631 | D:1      | 631 ||| READING scroll labelled TOAREJ PELISTUOGH.
   635 | D:1      | 635 ||| READING scroll labelled UMIAJO NYEZA.
   636 | D:1      | 636 ||| READING scroll labelled JOIKKU OTUNYA.
   637 | D:1      | 637 ||| DRINKING 2 clear potions.
   638 | D:1      | 638 ||| DRINKING 2 puce potions.
   639 | D:1      | 639 ||| DROPPING scroll of butterflies.
   640 | D:1      | 640 ||| DROPPING potion of attraction.
   701 | D:2      | 701 ||| DRINKING 2 cyan potions.
   748 | D:2      | Noticed Natasha
   749 | D:2      | Killed Natasha
   750 | D:2      | Reached XP level 3. HP: 20/20 MP: 5/5
   756 | D:2      | Reached skill level 7 in Ranged Weapons
   756 | D:2      | Noticed Robin
   756 | D:2      | Noticed Natasha
   759 | D:2      | Killed Natasha
   759 | D:2      | HP: 3/20 [hobgoblin[Robin] (4)]
   759 | D:2      | HP: 1/20 [goblin/+0 club[Robin] (2)]
   760 | D:2      | Reached XP level 4. HP: 1/25 MP: 6/6
   760 | D:2      | Slain by a hobgoblin

Levels and vault maps discovered:
D:1:      lemuel_arrival_tunnels, layout_basic
D:2:      layout_basic, basic_altar, serial_glass, glass_columns_c,
          glass_columns_a, glass_columns_b, glass_columns_c, glass_columns_c,
          glass_columns_b, uniq_robin, uniq_natasha

Skill      XL: |  1  2  3 |
---------------+----------+-----
Ranged Weapons | 6 7 |  7.5
Fighting       | |  1.5
Dodging        | |  2.4
Stealth        | |  1.2

Action                     |  1- 3 |  4- 6 || total
---------------------------+-------+-------++-------
   Fire: Shortbow          |    17 |       ||    17
         Heavy crossbow    |    12 |     1 ||    13
    Use: Scroll            |     6 |       ||     6
         Potion            |     3 |       ||     3
 Armour: Leather armour    |     6 |       ||     6
  Dodge: Dodged            |    14 |       ||    14

Table legend:
 A = Non-vault XP
 B = Vault XP
 C = Vault XP percentage of total XP
 D = Non-vault monster count
 E = Vault monster count
 F = Vault count percentage of total count
                 A         B        C        D         E       F
            +---------+---------+-------+---------+---------+-------
      Total |      64 |      45 |  41.3 |      14 |       6 |  30.0
            +---------+---------+-------+---------+---------+-------
        D:1 |      14 |       0 |   0.0 |       7 |       0 |   0.0
        D:2 |      50 |      45 |  47.4 |       7 |       6 |  46.2
            +---------+---------+-------+---------+---------+-------
